 Dungeon Crawl Stone Soup version 0.26-a0-505-g732bf3b8d2 (webtiles) character file.

Game seed: 358712369370237957

10700 Conn the Thaumaturge (level 11, -1/67 HPs)
             Began as an Octopode Hedge Wizard on Aug 9, 2020.
             Was an Elder of Sif Muna.
             Slain by a troll (7 damage)
             ... on level 2 of the Orcish Mines.
             The game lasted 01:18:51 (17015 turns).

Conn the Thaumaturge (Octopode Hedge Wizard)       Turns: 17015, Time: 01:18:51

Health: -1/67      AC:  5    Str:  7    XL:     11   Next: 66%
Magic:  5/24       EV: 15    Int: 27    God:    Sif Muna [****..]
Gold:   564        SH:  0    Dex: 12    Spells: 9/29 levels left

rFire    . . .     SeeInvis .   H - +8 flail "Qoiz" {vorpal, Int+7}
rCold    + . .     Faith    .   (no shield)
rNeg     . . .     Spirit   .   b - +0 hat
rPois    .         Reflect  .   (no amulet)
rElec    +         Harm     .   A - ring of protection from magic
rCorr    +                      w - ring of protection from cold
MR       +....                  e - ring of resist corrosion
Stlth    +++++.....             k - +4 ring of protection
HPRegen  0.21/turn              (no ring)
MPRegen  0.19/turn              (no ring)
                                (no ring)
                                (no ring)

@: no status effects
A: almost no armour, stealthy swim, amphibious, 8 rings, constrict 8, camouflage
1, electricity resistance, weak 1, gelatinous body 1
a: Channel Magic, Forget Spell, Divine Exegesis, Renounce Religion


You were on level 2 of the Orcish Mines.
You worshipped Sif Muna.
Sif Muna was greatly pleased with you.
You visited 2 branches of the dungeon, and saw 13 of its levels.

You collected 634 gold pieces.
You spent 70 gold pieces at shops.

Inventory:

Hand Weapons
 a - a +0 dagger
 E - a +2 dagger of venom
 H - the +8 flail "Qoiz" (weapon) {vorpal, Int+7}
   (You found it on level 8 of the Dungeon)

   It inflicts extra damage upon your enemies.
   It affects your intelligence (+7).
Missiles
 d - 6 datura-tipped darts
 f - 5 silver boomerangs
 h - 2 throwing nets
 q - 16 poisoned darts
 I - 5 atropa-tipped darts (quivered)
Armour
 b - a +0 hat (worn)
Jewellery
 e - a ring of resist corrosion (on tentacle)
 k - a +4 ring of protection (on tentacle)
 w - a ring of protection from cold (right tentacle)
 A - a ring of protection from magic (left tentacle)
Wands
 F - a wand of digging (14)
 G - a wand of acid (1)
Scrolls
 c - 11 scrolls of identify
 g - 6 scrolls of teleportation
 j - a scroll of fog
 m - 2 scrolls of remove curse
 p - 6 scrolls of enchant weapon
 u - 3 scrolls of fear
 v - 2 scrolls of magic mapping
 y - 2 scrolls of amnesia
 B - a scroll of immolation
Potions
 i - a potion of degeneration {unknown}
 l - a potion of mutation
 n - 2 potions of curing
 o - a potion of haste
 s - 2 potions of stabbing
 t - 3 potions of flight
 x - 2 potions of heal wounds
 z - a potion of cancellation
 C - a potion of berserk rage


   Skills:
 + Level 3.3 Fighting
 + Level 3.4 Short Blades
 + Level 4.1 Maces & Flails
 + Level 1.5 Throwing
 + Level 4.5 Dodging
 + Level 7.8 Stealth
 * Level 9.9 Spellcasting
 * Level 7.8 Conjurations
 + Level 3.9 Summonings
 + Level 4.0 Translocations
 - Level 5.4 Air Magic
 + Level 2.6 Poison Magic
 + Level 1.5 Evocations


You had 9 spell levels left.
You knew the following spells:

 Your Spells              Type           Power        Failure   Level
a - Magic Dart            Conj           ####         1%          1
b - Blink                 Tloc           N/A          1%          2
c - Call Imp              Summ           ####....     1%          2
d - Conjure Flame         Conj/Fire      ####....     2%          3
e - Mephitic Cloud        Conj/Pois/Air  #####...     1%          3
f - Airstrike             Air            #####.....   4%          4
g - Lightning Bolt        Conj/Air       #####.....   8%          5

Your spell library contained the following spells:

 Spells                   Type           Power        Failure   Level
 Shock                    Conj/Air       ####         1%          1
 Swiftness                Air            #####...     1%          2
 Static Discharge         Conj/Air       #####...     1%          3
 Slow                     Hex            ##......     7%          2


Dungeon Overview and Level Annotations

Branches:
Dungeon (11/15)            Temple (0/1) D:5            Lair (0/6) D:8
    Orc (2/2) D:10            Elf (0/3) Orc:2

Altars:
Ashenzari
Cheibriados
Fedhas
Gozag
Hepliaklqana
Okawaru
Qazlal
Ru
Sif Muna
Trog
Vehumet
Wu Jian
Xom
Zin

Shops:
D:5 *   D:9 !   D:10 *   Orc:1 (

Portals:
Trove: D:10 (give 11 potions of heal wounds)


Innate Abilities, Weirdness & Mutations

You cannot wear most types of armour.
You are very stealthy in the water. (Stealth+)
You are amphibious.
You can wear up to eight rings at the same time.
You can use your tentacles to constrict eight enemies at once.
Your skin changes colour to match your surroundings (Stealth+).
Your rubbery body absorbs attacks. (AC +1, EV +1)
You are resistant to electric shocks. (rElec)
You are weak. (Str -2)


Message History

You squeeze the orc sorcerer, but do no damage.
The orc sorcerer is severely wounded.
You constrict the orc sorcerer, but do no damage.
The orc priest looks satisfied for a moment.
The troll barely misses you. The troll completely misses you.
The troll misses you.
The orc sorcerer hits you but does no damage.
The troll bites you. The troll claws you! The troll claws you.
* * * LOW HITPOINT WARNING * * *
You hit the troll.
The troll is lightly wounded.
You constrict the orc sorcerer.
The orc sorcerer struggles to escape constriction.
The orc priest calls down the wrath of Beogh upon you.
Beogh smites you!
* * * LOW HITPOINT WARNING * * *
The troll bites you.
* * * LOW HITPOINT WARNING * * *
The troll claws you!
You die...

..........#
##....#.#
#...#.#...###....##
#
.>.##.#....#.....#
.. ###...o....### .
##.....###
###....####
#.....o#..#
##....°°.###
#....#○..T@###
#...###°○o...#
..... #.....##
....# ##°...# ....
....... #..
.°.....## .....####
....#.# .....#.#


You could see a troll (confused), an orc sorcerer (confused) and an orc priest.

Vanquished Creatures
  Snorg (D:10)
  A queen ant (D:8)
  2 orc sorcerers (Orc:1)
  An ugly thing (D:9)
  5 trolls
  A hornet (D:10)
  A slime creature (D:9)
  3 hippogriffs
  A wyvern (D:9)
  A yak (D:8)
  A warg (Orc:2)
  8 soldier ants (D:8)
  4 porcupines (D:8)
  A water moccasin (D:7)
  7 orc warriors
  A black bear (D:10)
  An ogre (D:9)
  2 phantoms
  A sky beast (D:7)
  A tengu (shapeshifter) (D:9)
  A centaur (D:5)
  10 bullfrogs
  4 scorpions
  4 wights (D:10)
  2 killer bees (D:11)
  3 howler monkeys
  A quasit (D:9)
  5 hounds
  2 bullfrog zombies
  A gnoll shaman (D:8)
  2 jellies
  2 orc priests (D:10)
  14 orc wizards
  2 bullfrog skeletons
  A centaur skeleton (D:7)
  3 iguanas
  25 worker ants
  A hound zombie (D:5)
  2 hound skeletons
  A worker ant zombie (D:10)
  9 gnolls
  A howler monkey skeleton (D:4)
  6 adders
  A river rat (D:10)
  An ufetubus (D:7)
  An ooze (D:1)
  3 worms
  5 leopard geckos
  35 orcs
  5 bats
  3 giant cockroaches
  7 goblins
  6 hobgoblins
  10 jackals
  2 quokkas
  A ball python (D:3)
  5 frilled lizards
  A jackal zombie (D:5)
  8 kobolds
  3 rats
243 creatures vanquished.

Vanquished Creatures (collateral kills)
  6 soldier ants (D:8)
  A black bear (D:7)
  An ogre (D:4)
  A hound (D:4)
  2 orc wizards
  10 worker ants (D:8)
  An adder (D:3)
  A gnoll (D:6)
  A leopard gecko (D:7)
  2 orcs (D:4)
26 creatures vanquished.

Vanquished Creatures (others)
  A soldier ant (D:8)
  11 fungi (D:8)
12 creatures vanquished.

Grand Total: 281 creatures vanquished

Notes
Turn   | Place    | Note
-------+----------+-------------------------------------------
     0 | D:1      | Conn the Octopode Hedge Wizard began the quest for the Orb.
     0 | D:1      | Reached XP level 1. HP: 11/11 MP: 4/4
   339 | D:1      | Reached XP level 2. HP: 17/17 MP: 6/6
   844 | D:1      | Reached XP level 3. HP: 21/21 MP: 8/8
   848 | D:1      | Learned a level 2 spell: Blink
   851 | D:1      | Learned a level 2 spell: Call Imp
   855 | D:1      | Learned a level 3 spell: Conjure Flame
  1261 | D:2      | Found a bloodstained altar of Trog.
  1321 | D:2      | Found a stormy altar of Qazlal.
  1438 | D:2      | Gained mutation: You are frail. (-10% HP) [potion of
                  | mutation]
  1438 | D:2      | Gained mutation: Your mind is acute. (Int +2) [potion of
                  | mutation]
  1577 | D:2      | Reached XP level 4. HP: 24/24 MP: 9/9
  1586 | D:2      | Found a glowing silver altar of Zin.
  1588 | D:2      | Found a sacrificial altar of Ru.
  1590 | D:2      | Found a radiant altar of Vehumet.
  1590 | D:2      | Found a snail-covered altar of Cheibriados.
  1591 | D:2      | Found a shimmering blue altar of Sif Muna.
  1591 | D:2      | Found a blossoming altar of Fedhas.
  1605 | D:2      | Became a worshipper of Sif Muna the Loreminder
  2896 | D:3      | Reached XP level 5. HP: 16/27 MP: 1/10
  2953 | D:3      | Reached skill level 4 in Spellcasting
  3216 | D:3      | Reached skill level 1 in Short Blades
  3233 | D:3      | HP: 2/40 [poisoned by an adder]
  3240 | D:3      | HP: 1/40 [poisoned by an adder]
  3659 | D:3      | Reached * piety under Sif Muna
  3945 | D:4      | Learned a level 3 spell: Mephitic Cloud
  4291 | D:4      | Noticed an ogre
  4323 | D:4      | Killed an ogre
  4323 | D:4      | Reached XP level 6. HP: 32/32 MP: 1/12
  4687 | D:4      | Found an iron altar of Okawaru.
  5035 | D:4      | Reached skill level 5 in Spellcasting
  5243 | D:5      | Entered Level 5 of the Dungeon
  5305 | D:5      | Found Gozag's Platinum Reserve.
  5307 | D:5      | Found an opulent altar of Gozag.
  5370 | D:5      | Found a staircase to the Ecumenical Temple.
  5491 | D:5      | Reached XP level 7. HP: 24/36 MP: 14/14
  6610 | D:6      | Reached ** piety under Sif Muna
  6933 | D:6      | Found a hazy altar of Hepliaklqana.
  6934 | D:6      | Found a shimmering altar of Xom.
  6935 | D:6      | Noticed a spectral ugly thing
  6935 | D:6      | Noticed a tentacled monstrosity
  6990 | D:6      | Reached XP level 8. HP: 33/42 MP: 11/16
  7303 | D:6      | Reached skill level 5 in Stealth
  7460 | D:6      | Learned a level 4 spell: Airstrike
  7474 | D:6      | Reached skill level 6 in Spellcasting
  7867 | D:7      | Reached skill level 1 in Fighting
  8293 | D:7      | Reached skill level 1 in Air Magic
  8500 | D:7      | Reached skill level 1 in Evocations
  8543 | D:7      | Reached skill level 5 in Conjurations
  8715 | D:7      | Reached XP level 9. HP: 47/47 MP: 15/18
  9864 | D:8      | Found a shattered altar of Ashenzari.
 10000 | D:8      | Reached skill level 7 in Spellcasting
 10477 | D:8      | Found a staircase to the Lair.
 10494 | D:8      | Got a scorched flail
 10495 | D:8      | Identified the +8 flail "Qoiz" {vorpal, Int+7} (You found
                  | it on level 8 of the Dungeon)
 10513 | D:8      | Lost mutation: Your mind is acute. (Int +2) [potion of
                  | mutation]
 10513 | D:8      | Lost mutation: You are frail. (-10% HP) [potion of
                  | mutation]
 10513 | D:8      | Gained mutation: Your spells are a little easier to cast,
                  | but a little less powerful. [potion of mutation]
 10513 | D:8      | Gained mutation: One of your tentacles bears a spike.
                  | [potion of mutation]
 10513 | D:8      | Gained mutation: Scrolls take you a little longer to read.
                  | [potion of mutation]
 10513 | D:8      | Gained mutation: Your muscles are strong. (Str +2) [potion
                  | of mutation]
 10514 | D:8      | Lost mutation: Scrolls take you a little longer to read.
                  | [potion of mutation]
 10514 | D:8      | Lost mutation: Your spells are a little easier to cast, but
                  | a little less powerful. [potion of mutation]
 10514 | D:8      | Lost mutation: Your muscles are strong. (Str +2) [potion of
                  | mutation]
 10514 | D:8      | Lost mutation: One of your tentacles bears a spike. [potion
                  | of mutation]
 10514 | D:8      | Gained mutation: You are weak. (Str -2) [potion of
                  | mutation]
 10514 | D:8      | Gained mutation: You are resistant to electric shocks.
                  | (rElec) [potion of mutation]
 10612 | D:8      | Noticed a queen ant
 10625 | D:8      | Reached *** piety under Sif Muna
 10625 | D:8      | HP: 2/81 [soldier ant (6)]
 10651 | D:8      | Reached XP level 10. HP: 23/60 MP: 2/21
 10870 | D:8      | Reached skill level 1 in Poison Magic
 11314 | D:8      | Reached skill level 1 in Maces & Flails
 11670 | D:9      | Reached skill level 8 in Spellcasting
 12022 | D:9      | Found Hokkae's Distillery.
 12287 | D:9      | Reached skill level 1 in Throwing
 12478 | D:9      | Noticed a brown ugly thing
 12547 | D:9      | Reached skill level 5 in Air Magic
 12585 | D:10     | Entered Level 10 of the Dungeon
 12594 | D:10     | HP: 3/62 [orc wizard/magic dart (9)]
 13003 | D:10     | Noticed Snorg
 13550 | D:9      | Killed a brown ugly thing
 13550 | D:9      | Reached XP level 11. HP: 55/67 MP: 2/23
 14601 | D:8      | Killed a queen ant
 14601 | D:8      | Reached **** piety under Sif Muna
 14601 | D:8      | Reached skill level 9 in Spellcasting
 15391 | D:10     | Learned a level 5 spell: Lightning Bolt
 15429 | D:10     | Found Olorphith's General Store.
 15710 | D:10     | Found a staircase to the Orcish Mines.
 15871 | D:10     | Killed Snorg
 16157 | D:10     | Found an ornate altar of the Wu Jian Council.
 16255 | D:10     | Found a portal to a secret trove of treasure.
 16315 | D:9      | Bought a potion of heal wounds for 70 gold pieces
 16515 | D:11     | Noticed a two-headed ogre
 16677 | Orc:1    | Entered Level 1 of the Orcish Mines
 16677 | Orc:1    | Noticed an orc sorcerer
 16677 | Orc:1    | Noticed an orc sorcerer
 16680 | Orc:1    | Noticed a sun demon
 16685 | Orc:1    | Killed an orc sorcerer
 16686 | Orc:1    | Found Ceol's Antique Weapon Shoppe.
 16691 | Orc:1    | Killed an orc sorcerer
 16963 | Orc:2    | Entered Level 2 of the Orcish Mines
 16966 | Orc:2    | Found a staircase to the Elven Halls.
 16980 | Orc:2    | Noticed a stone giant
 17008 | Orc:2    | Noticed an orc sorcerer
 17015 | Orc:2    | Slain by a troll

Illustrated notes

Levels and vault maps discovered:
D:1:      co_arrival_random_square_maze, layout_basic,
          chequers_serial_rivers_micro_c
D:2:      layout_loops_cross, grunt_temple_overflow_open,
          nicolae_qazlal_general_emergency, trog_three_pillars_becter
D:3:      layout_loops_ring
D:4:      layout_gridville, okawaru_ov_weapons_minmay,
          chequers_serial_rivers_room_b, hangedman_decor_push
D:5:      layout_loops_ring, nicolae_gozag_zags_fifth_avenue,
          minmay_temple_entry_wispy
D:6:      layout_rooms, regret_index_temple_of_mockery, grunt_ministairs_14,
          hangedman_abyss_or_decor_stabs
D:7:      layout_loops_ring
D:8:      layout_cave_pools, ashenzari_conservatory_becter,
          due_lair_maze_entry_diamond, skrybe_limestone_x, zaba_anthell
D:9:      layout_rooms, serial_shops, shop, onia_ninara_dug_in_and_dangerous
D:10:     layout_irregular_city, david_orc_3, basic_altar,
          nicolae_trove_entry_crystal, serial_shops, nicolae_shop_stone, pond,
          uniq_snorg
D:11:     layout_rooms, gauntlet_entry_generic
Orc:1:    layout_caves, serial_shops, shop, shop, nicolae_shop_crystal,
          gammafunk_ghost_berserking_beasts
Orc:2:    st_orc_elflike, layout_diamond_mine, basic_altar, uniq_josephine

Skill      XL: |  1  2  3  4  5  6  7  8  9 10 11 |
---------------+----------------------------------+-----
Stealth        | 3 4 5 6 7 |  7.8
Conjurations   | 2 3 4 5 6 7 |  7.8
Spellcasting   | 4 5 6 7 8 9 |  9.9
Short Blades   | 1 2 3 |  3.4
Translocations | 2 3 4 |  4.0
Summonings     | 2 3 |  3.9
Fighting       | 1 2 3 |  3.3
Air Magic      | 1 3 5 |  5.4
Evocations     | 1 |  1.5
Dodging        | 4 |  4.5
Poison Magic   | 2 |  2.6
Maces & Flails | 3 4 |  4.1
Throwing       | 1 |  1.5

Action                   |  1- 3 |  4- 6 |  7- 9 | 10-12 || total
-------------------------+-------+-------+-------+-------++-------
Melee: Dagger            |    53 |   101 |   208 |    15 ||   377
       Constrict         |    11 |    26 |    36 |    43 ||   116
       Tentacles         |     8 |    17 |    41 |    31 ||    97
       Flail             |       |       |     7 |   201 ||   208
Throw: Dart              |       |     2 |     3 |    22 ||    27
 Cast: Magic Dart        |     7 |    89 |    86 |   130 ||   312
       Call Imp          |     2 |    14 |    21 |    27 ||    64
       Blink             |       |     6 |     9 |    26 ||    41
       Mephitic Cloud    |       |       |    15 |    72 ||    87
       Airstrike         |       |       |       |    19 ||    19
       Lightning Bolt    |       |       |       |     2 ||     2
Evoke: Wand              |       |       |     1 |    14 ||    15
  Use: Potion            |     4 |     2 |    14 |     6 ||    26
       Scroll            |     2 |     2 |     3 |    11 ||    18
 Stab: Sleeping          |    11 |     4 |     8 |     1 ||    24
       Confused          |       |       |     8 |    16 ||    24
       Paralysed         |       |       |     1 |     3 ||     4
       Distracted        |       |       |     1 |       ||     1
Armor: Skin              |       |     3 |    61 |    32 ||    96
Dodge: Dodged            |    27 |    55 |   147 |   192 ||   421

Table legend: (Time is in decaauts)
 A = Elapsed time spent in this place.
 B = Non-inter-level travel time spent in this place.
 C = Inter-level travel time spent in this place.
 D = Time resting spent in this place.
 E = Time spent auto-exploring this place.
 F = Levels seen in this place.
 G = Mean time per level.
                   A        B        C        D        E       F      G
               +--------+--------+--------+--------+--------+-----+--------+
         Total |  17042 |  16708 |    334 |   7230 |   5141 |  13 | 1310.9 |
       Dungeon |  16703 |  16369 |    334 |   7064 |   5141 |  11 | 1518.5 |
  Orcish Mines |    339 |    339 |      0 |    166 |      0 |   2 |  169.5 |
               +--------+--------+--------+--------+--------+-----+--------+

Top non-repeatable levels by time:
     D:8: 2800 daAuts
     D:9: 2468 daAuts
     D:7: 1967 daAuts
     D:3: 1904 daAuts
    D:10: 1790 daAuts
     D:4: 1377 daAuts
     D:5: 1229 daAuts
     D:1: 1226 daAuts
     D:6: 1165 daAuts
     D:2: 751 daAuts
   Orc:1: 286 daAuts
   Orc:2: 52 daAuts
    D:11: 21 daAuts
